 Dungeon Crawl Stone Soup version 0.29.1-15-g9cfb28693d (webtiles) character file.

Game seed: 3292468299792110718

2115 javelincjr the Magician (level 9, -8/67 HPs)
             Began as a Demonspawn Hedge Wizard on Mar 30, 2023.
             Was a Believer of Sif Muna.
             Mangled by a two-headed ogre
             ... wielding a +0 giant club
              (20 damage)
             ... on level 7 of the Dungeon.
             The game lasted 00:31:18 (7697 turns).

javelincjr the Magician (Demonspawn Hedge Wizard)   Turns: 7697, Time: 00:31:19

Health: -8/67      AC: 16    Str: 19    XL:     9   Next: 8%
Magic:  5/17       EV: 12    Int: 18    God:    Sif Muna [**....]
Gold:   487        SH:  0    Dex: 12    Spells: 14/19 levels left

rFire   . . .      SeeInvis .   m - +2 short sword (flame)
rCold   + . .      Faith    .   G - orb {*channel}
rNeg    . . .      Spirit   .   C - +3 ring mail
rPois   .          Reflect  .   c - +0 hat
rElec   .          Harm     .   y - +1 cloak {Will+}
rCorr   .          Rampage  .   o - +0 pair of gloves
Will    +....                   E - +0 pair of boots {Stlth+}
Stlth   ++........              (no amulet)
HPRegen 0.21/turn               h - +6 ring of strength
MPRegen 0.15/turn               t - ring of protection from cold

@: no status effects
A: hooves 2, slimy green scales 2, spiny 1, demonic magic 1
a: Renounce Religion, Channel Magic


You were on level 7 of the Dungeon.
You worshipped Sif Muna.
Sif Muna was pleased with you.
You visited 1 branch of the dungeon, and saw 7 of its levels.
You also visited: Sewer.

You collected 487 gold pieces.

Inventory:

Hand Weapons
 a - a +0 dagger
 m - a +2 short sword of flaming (weapon)
 x - a +2 quarterstaff of chaos
Missiles
 u - 13 poisoned darts
 F - a throwing net
Armour
 b - a +0 robe
 c - a +0 hat (worn)
 o - a +0 pair of gloves (worn)
 v - a +0 kite shield
 y - a +1 cloak of willpower (worn)
 C - a +3 ring mail (worn)
 E - a +0 pair of boots of stealth (worn)
 G - an orb of energy (worn)
Jewellery
 h - a +6 ring of strength (left hand)
 t - a ring of protection from cold (right hand)
 D - a ring of flight
Scrolls
 f - a scroll of amnesia {unknown}
 i - a scroll of blinking {unknown}
 j - 11 scrolls of identify {unknown}
 l - a scroll of magic mapping {unknown}
 n - 2 scrolls of enchant weapon {unknown}
 q - 2 scrolls of silence {unknown}
 r - 3 scrolls of vulnerability {unknown}
 s - 4 scrolls of teleportation {unknown}
 w - a scroll of fear {unknown}
 B - a scroll of enchant armour {unknown}
Potions
 d - 2 potions of magic
 e - 3 potions of curing {unknown}
 g - a potion of cancellation {unknown}
 k - 2 potions of heal wounds {unknown}
 p - a potion of berserk rage
 z - a potion of brilliance {unknown}
 A - 2 potions of degeneration {unknown}


   Skills:
 * Level 4.9 Fighting
 + Level 3.0 Armour
 + Level 4.0 Dodging
 - Level 2.0 Stealth
 - Level 2.9 Shields
 * Level 5.7 Spellcasting
 + Level 3.8 Conjurations
 + Level 3.9 Summonings
 + Level 3.3 Translocations
 + Level 0.0 Invocations
 + Level 0.0 Evocations


You had 14 spell levels left.
You knew the following spells:

 Your Spells              Type           Power      Damage    Failure   Level
a - Magic Dart            Conj           76%        1d6       4%          1
b - Call Imp              Summ           19%        N/A       6%          2
c - Blink                 Tloc           34%        N/A       8%          2

Your spell library contained the following spells:

 Spells                   Type           Power      Damage    Failure   Level
 Slow                     Hex            20%        N/A       21%         1
 Conjure Flame            Conj/Fire      12%        6-21      28%         3
 Mephitic Cloud           Conj/Pois/Air  9%         N/A       36%         3
 Confusing Touch          Hex            5%         N/A       52%         3
 Vampiric Draining        Necr           5%         2d6       52%         3
 Dispersal                Tloc           8%         N/A       100%        6
 Disjunction              Tloc           8%         N/A       100%        8


Dungeon Overview and Level Annotations

Branches:
Dungeon (7/15)              Sewer (visited)
 Temple: D:4-7

Altars:
Sif Muna
Vehumet
Xom
Yredelemnul


Innate Abilities, Weirdness & Mutations

You have hoof-like feet.
You are mostly covered in slimy green scales. (AC +3)
You are partially covered in sharp spines.
Spells you cast may paralyse adjacent enemies.


Message History

Your white imp dies!
Your white imp disappears in a puff of smoke!
Casting: Call Imp (safe; 6% risk of failure)
Confirm with . or Enter, or press ? or * to list all spells.
Aiming: Magic Dart (safe; 4% risk of failure)
Press: ? - help, Shift-Dir - straight line, f - two-headed ogre
Aim: a two-headed ogre, wielding two +0 giant clubs (severely wounded, unaware, hasn't noticed you, 100% to hit)
The magic dart hits the two-headed ogre but does no damage.
The two-headed ogre is severely wounded.
The two-headed ogre shouts in stereo!
Malevolent energies surge around you.
Casting: Magic Dart (safe; 4% risk of failure)
Confirm with . or Enter, or press ? or * to list all spells.
Aiming: Magic Dart (safe; 4% risk of failure)
Press: ? - help, Shift-Dir - straight line, f/p - two-headed ogre
Aim: a two-headed ogre, wielding two +0 giant clubs (severely wounded, 100% to hit)
The magic dart hits the two-headed ogre but does no damage.
The two-headed ogre is severely wounded.
Malevolent energies surge around you.
Casting: Magic Dart (safe; 4% risk of failure)
Confirm with . or Enter, or press ? or * to list all spells.
Aiming: Magic Dart (safe; 4% risk of failure)
Press: ? - help, Shift-Dir - straight line, f/p - two-headed ogre
Aim: a two-headed ogre, wielding two +0 giant clubs (severely wounded, 100% to hit)
The magic dart hits the two-headed ogre.
The two-headed ogre is almost dead.
Malevolent energies surge around you.
The two-headed ogre hits you with a +0 giant club! x2
Casting: Magic Dart (safe; 4% risk of failure)
Confirm with . or Enter, or press ? or * to list all spells.
Aiming: Magic Dart (safe; 4% risk of failure)
Press: ? - help, Shift-Dir - straight line, f/p - two-headed ogre
Aim: a two-headed ogre, wielding two +0 giant clubs (almost dead, 100% to hit)
The magic dart hits the two-headed ogre but does no damage.
The two-headed ogre is almost dead.
Malevolent energies surge around you.
The two-headed ogre hits you with a +0 giant club!!
* * * LOW HITPOINT WARNING * * *
The two-headed ogre hits you with a +0 giant club!!
You die...

#..#####.#
#...###c##
#.[#.5O##
#..#####
#..#
######..#
........#
#######O#
#@# #.#
#.# >.#
###


You could see a two-headed ogre.

Vanquished Creatures
  Pikel (D:4)
  A water moccasin (Sewer)
  An orc warrior (D:5)
  An ice beast (D:5)
  2 black bears
  An ogre (D:5)
  A kobold brigand (D:5)
  A lemure (D:3)
  2 phantoms
  2 scorpions
  An orc priest (D:6)
  4 hounds
  2 jellies
  Crazy Yiuf (D:3)
  3 iguanas
  2 orc wizards (D:6)
  8 adders
  2 white imps
  3 worms
  5 dart slugs
  19 orcs
  6 endoplasms
  2 giant cockroaches
  6 goblins
  3 hobgoblins
  3 jackals (D:4)
  12 kobolds
  2 quokkas
  A ball python (D:1)
  9 bats
  A frilled lizard (D:1)
  5 rats (D:1)
113 creatures vanquished.

Vanquished Creatures (collateral kills)
  The ghost of Ashtray the Conjurer, an amateur DECj (D:3)
  A black bear (D:6)
  2 adders (D:4)
  3 orcs (D:6)
  4 bats (Sewer)
11 creatures vanquished.

Vanquished Creatures (others)
  2 withered plants (D:3)
2 creatures vanquished.

Grand Total: 126 creatures vanquished

Notes
Turn   | Place    | Note
-------+----------+-------------------------------------------
     0 | D:1      | javelincjr the Demonspawn Hedge Wizard began the quest for
                  | the Orb.
     0 | D:1      | Reached XP level 1. HP: 13/13 MP: 4/4
    26 | D:1      | Reached skill level 1 in Translocations
   562 | D:1      | Found a faded altar of an unknown god.
   652 | D:1      | Gained mutation: You are partially covered in slimy green
                  | scales. (AC +2) [demonic ancestry]
   652 | D:1      | Reached XP level 2. HP: 19/19 MP: 0/6
  1689 | D:1      | Learned a level 2 spell: Call Imp
  1692 | D:1      | Learned a level 2 spell: Blink
  2044 | D:2      | Gained mutation: Spells you cast may paralyse adjacent
                  | enemies. [demonic ancestry]
  2044 | D:2      | Reached XP level 3. HP: 24/24 MP: 3/7
  2279 | D:2      | You fall into a shaft and drop 1 floor!
  2617 | D:3      | Gained mutation: You are mostly covered in slimy green
                  | scales. (AC +3) [demonic ancestry]
  2617 | D:3      | Reached XP level 4. HP: 28/31 MP: 7/9
  2744 | D:2      | Reached skill level 1 in Fighting
  3225 | D:3      | Found a runed translucent door.
  3227 | D:3      | Noticed Ashtray's ghost (amateur DECj)
  3321 | D:3      | Found a basalt altar of Yredelemnul.
  3355 | D:3      | Found a runed translucent door.
  3356 | D:3      | Noticed Crazy Yiuf
  3503 | D:3      | Found a shimmering blue altar of Sif Muna.
  3509 | D:3      | Became a worshipper of Sif Muna the Loreminder
  3705 | D:3      | Killed Crazy Yiuf
  4186 | D:3      | Killed Ashtray's ghost
  4187 | D:3      | Reached skill level 1 in Armour
  4187 | D:3      | Reached XP level 5. HP: 29/38 MP: 1/10
  4280 | D:4      | Noticed a phantom
  4294 | D:4      | Killed a phantom
  4295 | D:4      | Gained mutation: You have large cloven feet. [demonic
                  | ancestry]
  4295 | D:4      | Reached XP level 6. HP: 35/44 MP: 7/11
  4422 | D:4      | Reached skill level 1 in Shields
  4422 | D:4      | Reached skill level 4 in Spellcasting
  4479 | D:4      | Noticed Pikel
  4624 | D:4      | Killed Pikel
  4625 | D:4      | Gained mutation: You are partially covered in sharp spines.
                  | [demonic ancestry]
  4625 | D:4      | Reached XP level 7. HP: 4/52 MP: 10/13
  4746 | D:4      | Found a glowing drain.
  4807 | Sewer    | Entered a sewer
  5223 | D:4      | Found a radiant altar of Vehumet.
  5238 | D:4      | Reached XP level 8. HP: 50/59 MP: 11/15
  5324 | D:4      | Reached * piety under Sif Muna
  5560 | D:5      | Entered Level 5 of the Dungeon
  5603 | D:5      | Reached skill level 5 in Spellcasting
  5719 | D:5      | Found a shimmering altar of Xom.
  6664 | D:5      | Reached ** piety under Sif Muna
  7244 | D:6      | Gained mutation: You have hoof-like feet. [demonic
                  | ancestry]
  7244 | D:6      | Reached XP level 9. HP: 67/67 MP: 7/17
  7664 | D:7      | Noticed a two-headed ogre
  7697 | D:7      | Mangled by a two-headed ogre

Illustrated notes

Levels and vault maps discovered:
D:1:      ncdulo_watergridlock, layout_loops_ring,
          hellmonk_ecumenical_altar_blasted, serial_co_window_serial,
          co_window_paths_a, co_window_paths_a, co_window_corner_a,
          co_window_paths_a, co_window_of_opportunity_a, co_window_paths_a,
          co_window_of_opportunity_a, co_window_paths_a, co_window_corner_a,
          co_window_broadway_b, co_window_broadway_b,
          co_window_of_opportunity_c, co_window_paths_c, co_window_broadway_a,
          co_window_paths_e, glass_columns_a
D:2:      layout_loops_ring, dreamdust_princess_bridge,
          chequers_decorated_corner, grunt_ministairs_13, minmay_liquid_box
D:3:      layout_basic, mainiacjoe_overflow_chevrons, led_sif_pool,
          gammafunk_ghost_grave, serial_bayou_ford_a, uniq_crazy_yiuf_cottage
D:4:      layout_basic, fiery_altar_vehumet, portal_sewer_entry_d,
          hangedman_decor_riveting, uniq_pikel
D:5:      layout_rooms, lemuel_crystal_altar
D:6:      layout_rooms
D:7:      gammafunk_corrupted_shrine, layout_loops_ring,
          minmay_temple_entry_glass

Skill      XL: |  1  2  3  4  5  6  7  8  9 |
---------------+----------------------------+-----
Translocations | 1 2 3 |  3.3
Dodging        | 2 3 4 |  4.0
Stealth        | 2 |  2.0
Fighting       | 1 2 3 4 |  4.9
Summonings     | 2 3 |  3.9
Armour         | 1 2 3 |  3.0
Conjurations   | 2 3 |  3.8
Shields        | 1 2 |  2.9
Spellcasting   | 4 5 |  5.7

Action                   |  1- 3 |  4- 6 |  7- 9 || total
-------------------------+-------+-------+-------++-------
Melee: Dagger            |    22 |       |       ||    22
       Short sword       |    24 |    21 |       ||    45
       Punch             |       |     1 |       ||     1
       Quarterstaff      |       |    22 |    81 ||   103
       Kick              |       |     7 |    22 ||    29
 Cast: Magic Dart        |    74 |    30 |   135 ||   239
       Call Imp          |       |    10 |    17 ||    27
  Use: Potion            |       |       |     1 ||     1
 Stab: Sleeping          |     2 |     3 |       ||     5
       Paralysed         |     8 |    25 |    60 ||    93
Armor: Robe              |     9 |    17 |    20 ||    46
       Ring mail         |       |       |    14 ||    14
Dodge: Dodged            |    33 |    39 |    59 ||   131
